 Dungeon Crawl Stone Soup version 0.21.1-77-g46dbe93d77 (webtiles) character file.

638 Americanboy the Thaumaturge (level 7, 0/36 HPs)
             Began as a Deep Elf Necromancer on Sept 3, 2018.
             Slain by a phantom (6 damage)
             ... on level 5 of the Dungeon.
             The game lasted 00:22:44 (5940 turns).

Americanboy the Thaumaturge (Deep Elf Necromancer)  Turns: 5940, Time: 00:22:44

Health: 0/36       AC:  2    Str:  5    XL:     7   Next: 25%
Magic:  14/20      EV: 13    Int: 22    God:
Gold:   85         SH:  0    Dex: 15    Spells: 5/22 levels left

rFire    + . .     SeeInvis .   n - +0 dagger (venom)
rCold    + . .     Gourm    .   (no shield)
rNeg     . . .     Faith    .   r - +0 robe {MR+}
rPois    +         Spirit   .   (helmet restricted)
rElec    +         Reflect  .   (no cloak)
rCorr    +         Harm     .   (no gloves)
MR       +....                  (no boots)
Stlth    ++........             (no amulet)
HPRegen  0.12/turn              (no ring)
MPRegen  0.17/turn              (no ring)

@: resistant, flying, very slightly contaminated, hasted, very quick
A: horns 1, evolution 1, subdued magic 2
a: no special abilities


You were on level 5 of the Dungeon.
You were not hungry.

You visited 1 branch of the dungeon, and saw 5 of its levels.

You collected 220 gold pieces.
You spent 135 gold pieces at shops.

Inventory:

Hand Weapons
 n - a +0 dagger of venom (weapon)
Missiles
 d - 2 throwing nets (quivered)
 v - 13 arrows
Armour
 a - a +1 robe
 r - a +0 robe of magic resistance (worn)
Wands
 p - a wand of random effects (33)
Scrolls
 e - 2 scrolls of enchant armour
 f - 7 scrolls of identify
 g - a scroll of remove curse
 h - a scroll of magic mapping
 o - a scroll of fog
 t - a scroll of amnesia {unknown}
Potions
 i - 3 potions of heal wounds
 j - a potion of mutation
 m - 3 potions of curing
 q - a potion of lignification
Books
 b - a book of Necromancy

   Spells                             Type                      Level
   a - Pain                           Necromancy                   1
   b - Animate Skeleton               Necromancy                   1
   c - Vampiric Draining              Necromancy                   3
   d - Regeneration                   Charms/Necromancy            3
   e - Animate Dead                   Necromancy                   4
   f - Borgnjor's Vile Clutch         Necromancy/Earth             5
Comestibles
 c - 2 rations


   Skills:
 + Level 2.8 Dodging
 + Level 2.7 Stealth
 + Level 8.0 Spellcasting
 + Level 7.9 Necromancy
 + Level 0.6 Earth Magic


You had 5 spell levels left.
You knew the following spells:

 Your Spells              Type           Power        Failure   Level  Hunger
a - Pain                  Necr           ####         1%          1    None
c - Animate Dead          Necr           N/A          1%          4    ###....
d - Vampiric Draining     Necr           ####......   1%          3    None
e - Borgnjor's Vile Clut  Necr/Erth      ###.......   26%         5    #####..
r - Regeneration          Chrm/Necr      ###.......   2%          3    None
s - Animate Skeleton      Necr           N/A          1%          1    None


Dungeon Overview and Level Annotations

Branches:
Dungeon (5/15)
 Temple: D:4-7

Altars:
The Shining One

Shops:
D:4 *

Annotations:
D:4 icedog's ghost, novice GrFi


Innate Abilities, Weirdness & Mutations

You have a pair of small horns on your head.
You evolve.
Your spells are easier to cast, but less powerful.


Message History

You completely miss the phantom.
The phantom is severely damaged.
Your skin stops crawling.
You hit the phantom but do no damage.
The phantom is severely damaged.
The phantom hits you.
You barely miss the phantom.
The phantom is severely damaged.
The phantom hits you!
* * * LOW HITPOINT WARNING * * *
You see here a hand axe.
Casting: Regeneration
Confirm with . or Enter, or press ? or * to list all spells.
You miscast Regeneration.
You are very lightly contaminated with residual magic.
Nothing appears to happen.
You hit the phantom.
The phantom is almost destroyed.
The phantom hits you.
You die...

############
#########..........#
#.......#.########.#
#.#####.#.# #.#
#.#####.#.########.##
#.##.##.#..........(###
#.#....W@..#)#).......#
#.##.##.#)###.##....#.###
#.##.##.#)# #.##.#.#.....
#.##.##.#.# #)##(#.#..###
#.##(##.#.###.##.#.#..#
#............<.#.#.#..###
#.##.##.......(.....)..).
#.##.##.########..###.###
#.##.##.# #..# #.# #


You could see a phantom.

Vanquished Creatures
  An ogre (D:4)
  A centaur (D:5)
  A howler monkey (D:4)
  5 orc wizards
  Ijyb (D:3)
  2 iguanas (D:4)
  2 worker ants (D:5)
  A hound zombie (D:5)
  6 adders
  5 worms
  4 dart slugs (D:1)
  3 leopard geckos
  15 orcs
  2 ball pythons
  3 bats
  4 giant cockroaches
  2 goblins (D:1)
  5 hobgoblins
  2 jackals (D:2)
  8 kobolds
  2 quokkas (D:4)
  4 frilled lizards
  6 rats
85 creatures vanquished.

Notes
Turn   | Place    | Note
-------+----------+-------------------------------------------
     0 | D:1      | Americanboy the Deep Elf Necromancer began the quest for the Orb.
     0 | D:1      | Reached XP level 1. HP: 10/10 MP: 6/6
    42 | D:1      | Reached skill level 5 in Necromancy
   342 | D:1      | Reached XP level 2. HP: 13/15 MP: 5/8
  1103 | D:1      | Reached XP level 3. HP: 17/19 MP: 6/10
  1194 | D:1      | Learned a level 1 spell: Animate Skeleton
  1198 | D:1      | Learned a level 3 spell: Regeneration
  1202 | D:1      | Learned a level 3 spell: Vampiric Draining
  1412 | D:2      | Reached skill level 4 in Spellcasting
  1784 | D:2      | Found a glowing golden altar of the Shining One.
  2184 | D:3      | Reached XP level 4. HP: 20/24 MP: 10/12
  2458 | D:3      | Noticed Ijyb
  2471 | D:3      | Killed Ijyb
  2471 | D:3      | Reached skill level 5 in Spellcasting
  3011 | D:4      | Reached XP level 5. HP: 26/28 MP: 10/14
  3209 | D:4      | Learned a level 5 spell: Borgnjor's Vile Clutch
  3364 | D:4      | Noticed icedog's ghost (novice GrFi)
  3521 | D:4      | Reached skill level 6 in Spellcasting
  3529 | D:4      | Noticed an ogre
  3741 | D:4      | Killed an ogre
  3741 | D:4      | Reached XP level 6. HP: 16/32 MP: 4/17
  3892 | D:4      | Learned a level 4 spell: Animate Dead
  3989 | D:4      | Found Ruqiraetz's Assorted Antiques.
  3993 | D:4      | Bought a twisted bronze ring for 135 gold pieces
  4681 | D:5      | Entered Level 5 of the Dungeon
  4691 | D:5      | Reached skill level 7 in Spellcasting
  5145 | D:5      | Reached XP level 7. HP: 36/36 MP: 14/20
  5269 | D:5      | Reached skill level 8 in Spellcasting
  5825 | D:5      | Gained mutation: You evolve. [potion of mutation]
  5825 | D:5      | Gained mutation: Your spells are a little easier to cast, but a little less powerful. [potion of mutation]
  5825 | D:5      | Gained mutation: Your spells are easier to cast, but less powerful. [potion of mutation]
  5825 | D:5      | Gained mutation: You have a pair of small horns on your head. [potion of mutation]
  5940 | D:5      | Slain by a phantom

Skill      XL: |  1  2  3  4  5  6  7 |
---------------+----------------------+-----
Necromancy     | 5 6 7 |  7.9
Spellcasting   | 4 5 6 7 8 |  8.0
Dodging        | |  2.8
Stealth        | |  2.7
Earth Magic    | |  0.6

Action                   |  1- 3 |  4- 6 |  7- 9 || total
-------------------------+-------+-------+-------++-------
Melee: Spear             |     2 |       |       ||     2
       Dagger            |    14 |     1 |   174 ||   189
       Headbutt          |       |       |     1 ||     1
 Fire: Shortbow          |       |       |    18 ||    18
Throw: Throwing net      |       |       |     2 ||     2
 Cast: Pain              |    68 |    90 |    14 ||   172
       Vampiric Draining |     3 |     5 |       ||     8
       Regeneration      |       |     1 |    19 ||    20
       Animate Dead      |       |     8 |     3 ||    11
       Borgnjor's Vile C |       |     3 |     3 ||     6
  Use: Scroll            |     9 |     3 |     1 ||    13
       Potion            |       |       |     6 ||     6
  Eat: Ration            |     1 |     3 |     2 ||     6
       Chunk             |     1 |       |       ||     1
Armor: Robe              |     6 |     2 |    10 ||    18
       Skin              |       |       |    25 ||    25
Dodge: Dodged            |    17 |    17 |    62 ||    96
